Map: Dasan Station LE

Players

Fropez - Winner!

  • Race: Protoss Protoss
  • League: Gold
  • Spawn Location: 12:00

llIIlIIlIllI

  • Race: Zerg Zerg
  • League: Gold
  • Spawn Location: 6:00

VOD

Have the link to the VOD?

Description

Time

  • Played on: Nov. 17, 2016, 9:57 p.m.
  • Length: 20:36
Show
View Real Time Build Order
Export as new Build Order

Fropez Protoss - Winner!

Build Orders:  

Get SALT Encoding   

  12  0:01  Probe (Chrono Boost)  
  13  0:11  Probe (Chrono Boost)  
  14  0:22  Pylon, Probe (Chrono Boost)  
  15  0:31  Assimilator  
  15  0:40  Probe (Chrono Boost)  
  16  0:44  Gateway  
  16  0:51  Probe (Chrono Boost)  
  17  1:05  Pylon  
  17  1:17  Gateway  
  17  1:22  Probe (Chrono Boost)  
  17  1:23  Pylon  
  18  1:28  Pylon  
  19  1:33  Probe (Chrono Boost)  
  19  1:43  Probe (Chrono Boost)  
  20  1:48  Cybernetics Core  
  20  1:58  Zealot (Chrono Boost)  
  24  2:19  Assimilator  
  24  2:24  Mothership Core  
  24  2:37  Nexus  
  26  2:45  Probe, Warp Gate (Chrono Boost)  
  26  2:51  Adept (Chrono Boost)  
  28  2:54  Adept (Chrono Boost)  
  28  3:15  Probe  
  28  3:16  Adept  
  31  3:27  Pylon  
  31  3:36  Gateway  
  31  3:45  Adept, Probe  
  34  3:56  Pylon, Probe  
  34  3:57  Pylon, Probe  
  36  4:12  Adept x2  
  38  4:32  Probe  
  38  4:33  Probe  
  38  4:47  Forge  
  38  4:49  Probe  
  38  4:50  Probe  
  40  4:53  Stalker  
  40  4:54  Stalker  
  40  4:56  Pylon  
  40  4:58  Stalker  
  46  5:04  Probe  
  46  5:06  Probe  
  48  5:10  Assimilator  
  48  5:12  Assimilator  
  48  5:14  Gateway  
  48  5:15  Probe  
  48  5:18  Probe  
  48  5:19  Stalker  
  48  5:20  Twilight Council  
  52  5:23  Stalker  
  54  5:53  Resonating Glaives (Chrono Boost)  
  54  5:55  Nexus  
  54  5:57  Assimilator  
  54  6:02  Assimilator  
  54  6:08  Gateway, Protoss Ground Weapons Level 1 (Chrono Boost)  
  54  6:12  Adept x3  
  54  6:17  Probe x2  
  62  6:29  Probe  
  63  6:35  Adept x3  
  63  6:36  Adept  
  71  7:00  Gateway  
  71  7:01  Probe  
  71  7:02  Probe, Gateway  
  71  7:05  Pylon, Probe  
  74  7:14  Probe  
  75  7:16  Pylon  
  75  7:19  Gateway  
  75  7:27  Photon Cannon  
  75  7:30  Probe  
  75  7:31  Probe  
  77  7:51  Templar Archives  
  77  7:54  Probe  
  77  7:55  Pylon, Probe x2  
  80  8:00  Pylon  
  80  8:05  Probe  
  80  8:07  Probe, Protoss Ground Weapons Level 2 (Chrono Boost)  
  80  8:12  Adept x2  
  84  8:13  Adept x3  
  85  8:39  High Templar x5  
  85  8:40  High Templar x3  
  101  8:43  Archon x3  
  101  8:44  Archon  
  100  8:59  Photon Cannon  
  100  9:03  Probe x2  
  100  9:05  Robotics Facility  
  99  9:12  Nexus  
  99  9:15  Probe x2  
  99  9:27  Photon Cannon  
  99  9:31  Probe x2  
  101  9:32  Photon Cannon  
  101  9:38  Photon Cannon  
  98  9:59  Pylon  
  98  10:11  Pylon  
  98  10:14  Pylon  
  96  10:17  Probe x2  
  96  10:18  Pylon  
  96  10:20  Pylon  
  92  10:27  High Templar x2  
  92  10:28  High Templar x5  
  102  10:31  Archon  
  102  10:32  Archon x2  
  92  11:21  High Templar x4  
  92  11:22  Probe  
  92  11:23  Probe x2  
  91  11:32  Archon x2  
  87  12:00  High Templar x2  
  89  12:02  Zealot x5  
  89  12:06  Pylon  
  89  12:10  Archon, Photon Cannon  
  81  12:18  Observer  
  78  12:42  Zealot  
  78  12:43  Zealot x5  
  74  12:54  Observer  
  58  13:20  Stalker  
  58  13:21  Stalker x4  
  58  13:23  Nexus  
  67  13:31  Photon Cannon  
  67  13:32  Nexus  
  67  13:33  Photon Cannon  
  67  13:37  Photon Cannon  
  67  13:38  High Templar, Nexus  
  67  13:40  Photon Cannon  
  69  13:42  Assimilator  
  69  13:44  Pylon, Photon Cannon  
  69  13:46  Assimilator  
  69  13:48  Photon Cannon  
  69  13:55  Assimilator  
  69  13:59  Assimilator  
  69  14:01  Archon  
  67  14:02  Pylon  
  67  14:08  Pylon, Immortal (Chrono Boost)  
  69  14:19  Pylon  
  69  14:21  Pylon  
  69  14:26  Assimilator  
  69  14:30  Assimilator  
  69  14:32  Pylon  
  69  14:36  Pylon  
  69  14:48  Stalker x5  
  79  15:01  Photon Cannon  
  79  15:02  Pylon  
  79  15:05  Probe x3  
  79  15:06  Probe x2  
  84  15:41  Stalker  
  84  15:42  Stalker x4  
  94  15:52  Probe  
  94  15:53  Probe x3  
  94  15:54  Probe  
  94  15:55  Gateway  
  99  16:03  Probe x2  
  99  16:06  Probe, Dark Shrine  
  102  16:21  Stalker x2  
  106  16:29  Probe x2  
  106  16:30  Probe  
  106  16:32  Probe  
  109  16:39  Protoss Shields Level 1 (Chrono Boost)  
  110  16:57  Probe x3, Charge  
  110  16:58  Probe x2  
  113  17:07  Gateway  
  113  17:14  High Templar x5  
  113  17:15  High Templar  
  117  17:18  Archon x2  
  117  17:19  Archon  
  93  17:49  High Templar  
  93  17:50  High Templar x5  
  105  17:55  Archon x3, Gateway  
  105  17:59  Pylon  
  105  18:01  Pylon  
  105  18:26  Gateway  
  105  18:27  Gateway  
  105  18:31  Gateway x2  
  105  18:32  High Templar x6  
  105  18:33  Gateway  
  117  18:36  Archon x3  
  117  18:46  Probe  
  117  18:47  Probe x2  
  117  18:48  Probe x2  
  120  18:50  Gateway  
  120  18:52  Gateway  
  120  18:53  Gateway  
  122  19:05  Zealot  
  122  19:06  Zealot x6  
  122  19:07  Zealot  
  138  19:20  Warp Prism  
  134  19:31  Zealot x3  
  134  19:32  Zealot x5  
  134  19:33  Zealot x2  
  142  20:27  Zealot x4  
  142  20:28  Zealot x6  
Show
View Real Time Build Order
Export as new Build Order

llIIlIIlIllI Zerg 

Build Orders: Pool First 

Get SALT Encoding   

  12  0:01  Drone  
  13  0:07  Drone  
  14  0:16  Overlord  
  14  0:35  Spawning Pool, Drone  
  14  0:39  Drone  
  15  0:44  Drone  
  16  0:50  Drone  
  16  0:56  Extractor  
  16  0:59  Drone  
  17  1:11  Drone  
  18  1:22  Queen, Zergling x2  
  21  1:30  Zergling x2  
  22  1:41  Overlord  
  22  2:08  Zergling x2, Hatchery  
  22  2:09  Zergling x2  
  23  2:19  Roach Warren, Drone  
  23  2:33  Drone x2  
  23  2:34  Drone x2  
  27  2:43  Zergling x2  
  28  2:52  Zergling x2  
  29  3:02  Extractor  
  29  3:04  Lair  
  27  3:14  Spore Crawler  
  26  3:26  Drone x5  
  31  3:28  Drone  
  32  3:43  Roach  
  32  3:44  Overlord x2  
  32  3:46  Overlord  
  34  3:50  Extractor  
  33  4:04  Roach x2  
  33  4:05  Glial Reconstitution  
  33  4:07  Roach  
  33  4:09  Drone  
  41  4:10  Drone x2  
  41  4:13  Queen  
  44  4:17  Drone x2  
  44  4:19  Drone  
  44  4:34  Drone x2  
  45  4:41  Drone  
  46  4:47  Drone  
  46  4:48  Drone x2  
  49  5:02  Drone  
  50  5:07  Roach  
  50  5:13  Spine Crawler  
  51  5:15  Spine Crawler  
  51  5:20  Spine Crawler  
  51  5:21  Roach x3  
  55  5:24  Roach x2  
  55  5:28  Overlord  
  59  5:40  Overlord  
  59  5:49  Spire  
  58  5:57  Burrow  
  58  5:59  Tunneling Claws  
  58  6:03  Drone x3  
  61  6:19  Roach  
  61  6:20  Roach x2  
  61  6:21  Overlord x2  
  61  6:24  Drone  
  68  6:30  Extractor  
  68  6:31  Drone  
  68  6:32  Overlord  
  68  6:39  Overlord  
  68  6:46  Roach x2  
  68  6:47  Roach  
  74  6:55  Hydralisk Den  
  74  7:00  Drone x2  
  74  7:01  Drone x2  
  77  7:12  Roach x13  
  77  7:21  Drone x3  
  80  7:34  Roach x4  
  80  7:36  Mutalisk x3  
  80  7:37  Mutalisk  
  96  7:54  Roach x2  
  100  7:59  Roach x13  
  100  8:05  Overlord x2  
  100  8:10  Roach x13  
  100  8:13  Overlord  
  100  8:14  Overlord  
  100  8:32  Roach x2  
  100  8:33  Roach  
  106  8:40  Muscular Augments  
  106  8:48  Roach x13  
  106  8:49  Roach x3  
  110  9:12  Roach x12  
  110  9:24  Roach x3  
  110  9:25  Roach x13  
  110  9:29  Drone x3  
  113  9:53  Roach x12  
  113  9:56  Roach x3  
  113  9:57  Roach x2  
  113  10:20  Queen  
  115  10:21  Drone x4  
  115  10:22  Drone x2  
  115  10:26  Overlord x2  
  120  10:32  Hydralisk x4  
  128  10:48  Hatchery  
  95  11:26  Hydralisk x5  
  95  11:30  Drone x3  
  110  11:33  Roach x24  
  110  11:39  Hydralisk  
  110  11:43  Roach x21  
  86  12:09  Roach x2  
  86  12:10  Roach x4  
  84  12:26  Roach x7  
  74  12:52  Roach  
  74  12:55  Roach x3  
  74  12:56  Queen  
  74  12:57  Drone x3  
  71  13:29  Roach x3  
  71  13:31  Drone x2  
  71  13:32  Drone  
  80  13:57  Roach x8  
  80  14:01  Drone  
  80  14:02  Drone x2  
  83  14:07  Drone x3  
  86  14:11  Extractor  
  86  14:13  Extractor  
  84  14:24  Hydralisk  
  84  14:25  Hydralisk  
  84  14:26  Queen  
  90  14:32  Roach x2  
  85  14:57  Ravager x3  
  85  14:58  Ravager x7  
  95  15:01  Zergling x12  
  95  15:04  Drone x3  
  104  15:20  Metabolic Boost  
  102  15:38  Hatchery  
  93  15:52  Roach x4  
  93  15:56  Overseer  
  101  15:58  Drone x4  
  105  16:13  Roach x4  
  105  16:14  Roach  
  115  16:22  Hydralisk x3  
  121  16:26  Overseer  
  120  16:53  Hydralisk x2  
  59  17:44  Roach x4  
  59  17:45  Roach x6  
  77  17:55  Drone x3  
  77  17:58  Hatchery  
  76  18:31  Drone x4  
  80  18:43  Infestation Pit  
  79  18:58  Overlord x3  
  79  19:05  Roach x3  
  85  19:11  Drone  
  84  19:35  Zergling x4  
  83  19:46  Hydralisk x4  
  83  19:51  Drone, Roach x14  
  84  19:57  Hydralisk  
  84  19:58  Roach x2  
  84  19:59  Hydralisk x2  
  90  20:04  Roach x9  
  86  20:10  Roach x9  
  86  20:13  Roach  
Tags
 
League
GoldGold
Matchup
PvZ
Opening
Pool First
Replay Pack
All Mines
Spawn Locations
Cross Positions
Add a new tag
Caveats
  • Supply blocks, unpowered buildings, or Contaminate may cause inaccurate times.
  • Supply counts are checked every 10 seconds.